Map: Pylon LE

Players

ManlyManMeat

  • Race: Protoss Protoss
  • League: Master
  • Spawn Location: 11:00

promsky - Winner!

  • Race: Zerg Zerg
  • League: Diamond
  • Spawn Location: 5:00

VOD

Have the link to the VOD?

Description

Time

  • Played on: June 13, 2025, 6:47 p.m.
  • Length: 8:23
Show
View Real Time Build Order
Export as new Build Order

ManlyManMeat Protoss 

Build Orders:  

Get SALT Encoding   

  12  0:00  Probe  
  13  0:12  Probe  
  14  0:20  Pylon  
  14  0:23  Probe  
  15  0:34  Probe  
  15  0:42  Gateway  
  16  0:43  Probe  
  17  0:55  Probe  
  18  0:57  Gateway  
  18  1:11  Probe  
  18  1:14  Assimilator  
  19  1:24  Probe  
  20  1:31  Cybernetics Core  
  20  1:32  Zealot  
  22  1:44  Pylon  
  22  1:57  Stalker  
  24  2:10  Warp Gate  
  24  2:11  Nexus  
  24  2:14  Probe  
  25  2:42  Stalker  
  25  2:46  Probe  
  25  2:50  Assimilator  
  28  2:59  Probe  
  29  3:11  Probe  
  29  3:12  Stalker  
  30  3:13  Pylon  
  30  3:19  Stalker  
  34  3:30  Probe  
  35  3:36  Pylon  
  35  3:42  Probe  
  35  3:44  Stalker  
  35  3:46  Stalker  
  36  3:55  Twilight Council  
  36  4:07  Probe  
  36  4:09  Probe  
  38  4:15  Probe  
  38  4:21  Probe  
  38  4:22  Blink  
  40  4:29  Zealot x2  
  44  4:33  Probe  
  44  4:34  Gateway  
  44  4:35  Gateway  
  44  4:36  Probe  
  42  5:09  Zealot x2  
  42  5:10  Probe x2  
  42  5:13  Assimilator  
  46  5:15  Assimilator  
  46  5:22  Robotics Facility  
  46  5:32  Pylon  
  46  5:39  Shield Battery  
  46  5:40  Probe x2  
  48  5:44  Stalker x3  
  48  5:45  Stalker  
  56  5:54  Forge  
  56  5:56  Forge  
  56  6:08  Observer  
  57  6:13  Probe  
  57  6:14  Probe  
  59  6:25  Probe  
  60  6:26  Stalker x2, Probe  
  60  6:27  Stalker x2  
  69  6:52  Pylon  
  69  7:10  Warp Prism  
  71  7:22  Zealot x3  
  61  7:49  Probe x2  
  61  8:01  Probe x2  
  63  8:07  Stalker x4  
Show
View Real Time Build Order
Export as new Build Order

promsky Zerg - Winner!

Build Orders: Hatch First 

Get SALT Encoding   

  12  0:02  Drone  
  13  0:07  Drone  
  14  0:18  Overlord  
  14  0:21  Extractor  
  14  0:23  Drone  
  15  0:43  Hatchery  
  15  0:45  Drone  
  15  0:49  Drone  
  16  0:52  Drone  
  16  0:56  Drone  
  18  1:00  Extractor  
  17  1:12  Spawning Pool  
  17  1:15  Drone  
  17  1:19  Drone  
  18  1:28  Drone  
  19  1:41  Drone  
  20  1:56  Drone  
  20  1:57  Drone  
  22  2:04  Queen x2  
  22  2:05  Zergling x2  
  22  2:06  Overlord  
  27  2:11  Metabolic Boost  
  27  2:15  Drone  
  28  2:22  Overlord  
  28  2:25  Zergling x2  
  28  2:27  Drone  
  30  2:35  Zergling x2  
  31  2:45  Drone  
  31  2:46  Zergling x2  
  33  2:56  Drone x2  
  33  2:58  Spine Crawler  
  34  3:01  Overlord  
  34  3:07  Drone  
  34  3:10  Drone  
  36  3:14  Hatchery  
  36  3:15  Drone  
  36  3:18  Lair  
  36  3:22  Extractor, Drone  
  36  3:24  Drone  
  36  3:26  Drone  
  38  3:32  Drone x2  
  39  4:00  Drone x5  
  44  4:07  Overlord x4  
  43  4:17  Spire  
  43  4:18  Overlord  
  43  4:21  Zergling x2  
  43  4:23  Zergling x2, Extractor x2  
  42  4:36  Drone x3  
  45  4:38  Zergling x2  
  45  4:41  Zergling x2  
  47  4:52  Zergling x8  
  50  4:53  Zergling x4  
  50  5:07  Drone x3  
  50  5:11  Drone x2  
  55  5:18  Queen  
  55  5:20  Drone x2  
  59  5:32  Mutalisk x5  
  69  5:41  Drone x4  
  73  5:44  Extractor x2  
  73  5:47  Drone x3  
  73  5:48  Drone x4  
  78  5:50  Drone x3  
  78  5:54  Overseer  
  81  5:59  Mutalisk x2  
  85  6:04  Mutalisk  
  87  6:11  Zerg Flyer Weapons Level 1  
  87  6:19  Mutalisk  
  87  6:22  Zergling x2  
  87  6:23  Overlord x3  
  90  6:27  Overlord  
  90  6:28  Overlord x2  
  90  6:35  Overseer  
  90  6:41  Overlord x3  
  90  6:42  Drone  
  90  6:43  Drone x6  
  97  6:51  Mutalisk x2  
  101  6:57  Hatchery  
  97  7:11  Zergling x20  
  105  7:36  Mutalisk x7  
Tags
 
Matchup
PvZ
Spawn Locations
Cross Positions
Add a new tag
Caveats
  • Supply blocks, unpowered buildings, or Contaminate may cause inaccurate times.
  • Supply counts are checked every 10 seconds.